 Seeded DCSS version 0.32-a0-450-g080537f31e (webtiles) character file.

Game seed: 6965631656755398118 (custom seed)

148 CougarLife the Digger (level 5, -3/28 HPs)
             Began as a Gargoyle Earth Elementalist on Feb 23, 2024.
             Slain by Robin
             ... wielding a +0 mace
              (7 damage)
             ... on level 2 of the Dungeon.
             The game lasted 00:01:51 (1897 turns).

CougarLife the Digger (Gargoyle Earth Elementalist) Turns: 1897, Time: 00:01:52

Health: -3/28      AC:  6    Str: 12    XL:     5   Next: 30%
Magic:  1/9        EV: 11    Int: 17    God:
Gold:   98         SH:  0    Dex: 10    Spells: 9/10 levels left

rFire   . . .        d - +1 dagger (venom)
rCold   . . .        (no shield)
rNeg    + . .        a - +0 robe
rPois   ∞            (no helmet)
rElec   +            (no cloak)
rCorr   .            (no gloves)
SInv    .            (no boots)
Will    .....        (no amulet)
Stlth   ++           (no ring)
HPRegen 0.24/turn    (no ring)
MPRegen 0.11/turn

%: no passive effects
@: no status effects
A: sickness immunity, AC +4, negative energy resistance 1, electricity
resistance, torment resistance 1, petrification resistance
a: no special abilities


You were on level 2 of the Dungeon.
You visited 1 branch of the dungeon, and saw 2 of its levels.

You collected 98 gold pieces.

Inventory:

Hand Weapons
 d - a +1 dagger of venom (weapon)
Armour
 a - a +0 robe (worn)
Wands
 j - a wand of roots (6)
Scrolls
 g - a scroll of acquirement {unknown}
 h - a scroll of amnesia {unknown}
Potions
 b - a potion of magic
 c - a potion of enlightenment {unknown}
 e - a potion of resistance {unknown}
 f - a potion of heal wounds {unknown}
 i - a potion of lignification {unknown}


   Skills:
 - Level 1.5 Dodging
 - Level 2.1 Stealth
 + Level 3.2 Spellcasting
 + Level 3.2 Conjurations
 + Level 5.0 Earth Magic


You had 9 spell levels left.
You knew the following spells:

 Your Spells              Type           Power      Damage    Failure   Level
a - Sandblast             Erth           38%        2d10      2%          1

Your spell library contained the following spells:

 Spells                   Type           Power      Damage    Failure   Level
 Passwall                 Erth           19%        N/A       6%          3
 Stone Arrow              Conj/Erth      32%        3d9       10%         3
 Momentum Strike          Conj/Tloc      16%        3d8       14%         2
 Blink                    Tloc           4%         N/A       26%         2
 Lesser Beckoning         Tloc           4%         N/A       26%         2
 Brom's Barrelling Bould  Conj/Erth      16%        2d4       30%         4
 Petrify                  Alch/Erth      11%        N/A       52%         4
 Animate Dead             Necr           2%         N/A       86%         4
 Borgnjor's Vile Clutch   Necr/Erth      5%         N/A       86%         5
 Death Channel            Necr           1%         N/A       100%        6


Dungeon Overview and Level Annotations

Branches:
Dungeon (2/15)

Altars:

Shops:
D:1 (!   D:2 *

Annotations:
D:2 Robin


Innate Abilities, Weirdness & Mutations

You are immune to sickness and miasma.
Your stone body is resilient. (AC +4)
You are immune to poison.
You resist negative energy. (rN+)
You are resistant to electric shocks. (rElec)
You are resistant to unholy torment.
You are immune to petrification.


Message History

You kill Natasha!
You feel Natasha's spirit has finally been put to rest.
The cerulean imp disappears in a puff of smoke! x2
Robin's bangles clink loudly.
Robin closely misses you.
Your Earth Magic skill increases to level 5!
Casting: Sandblast (safe; 2% risk of failure)
Confirm with . or Enter, or press ? or * to list all spells.
Aiming: Sandblast (safe; 2% risk of failure)
Press: ? - help, Shift-Dir - straight line, f - Robin
Aim: Robin, wielding a +0 mace, wearing a +0 animal skin and wearing a +0 helmet (87% to hit)
The blast of sand hits Robin.
Robin is lightly wounded.
Robin barely misses you. Robin hits you with a +0 mace.
* * * LOW HITPOINT WARNING * * *
Casting: Sandblast (safe; 2% risk of failure)
Confirm with . or Enter, or press ? or * to list all spells.
Aiming: Sandblast (safe; 2% risk of failure)
Press: ? - help, Shift-Dir - straight line, f/p - Robin
Aim: Robin, wielding a +0 mace, wearing a +0 animal skin and wearing a +0 helmet (lightly wounded, 87% to hit)
The blast of sand hits Robin.
Robin is heavily wounded.
Robin hits you with a +0 mace.
* * * LOW HITPOINT WARNING * * *
Casting: Sandblast (safe; 2% risk of failure)
Confirm with . or Enter, or press ? or * to list all spells.
You don't have enough magic to cast this spell.
Unknown command.
You hit Robin but do no damage.
Robin is poisoned.
Robin is heavily wounded.
Robin throws the goblin at you!
* * * LOW HITPOINT WARNING * * *
The goblin hits you with a +0 club.
* * * LOW HITPOINT WARNING * * *
Robin attacks as they pursue you! Robin hits you but does no damage.
Robin's horned helmet rattles.
Robin attacks as they pursue you! Robin closely misses you.
Robin attacks as they pursue you! Robin hits you with a +0 mace!
You die...
Robin lets out a smug laugh.

#.#.## #.......#......#.........
...## ##.#######......##########
#.## #...# #....#.# #.#
#...#######.#.#.# ######## #.#
#...............###...<...
#†######....###.........##.......
..##......÷......................
..†..........†g............).....
####.........g.g@.#.....#........
#####....###...#.#...#........
#...))....................
#>.)######.........####### #...#
####.#.##.# #######.#####
#.#....# #......)....# #.###..#
#.####.$....# ###......#######
###. ##..>###.####[#####...<.....


You could see Robin (poisoned), a hobgoblin (strong) and a goblin (strong).

Vanquished Creatures
  Natasha (thrice) (D:2)
  A gnoll (D:1)
  An adder (D:2)
  A ribbon worm (D:2)
  3 ball pythons
  3 endoplasms (D:2)
  A giant cockroach (D:1)
  9 goblins (D:2)
  3 hobgoblins (D:2)
  7 jackals
  3 kobolds (D:1)
  3 quokkas (D:2)
  4 bats
  3 frilled lizards (D:1)
  2 rats (D:1)
47 creatures vanquished.

Notes
Turn   | Place    | Note
-------+----------+-------------------------------------------
     0 | D:1      | CougarLife the Gargoyle Earth Elementalist began the quest
                  | for the Orb.
     0 | D:1      | Reached XP level 1. HP: 10/10 MP: 3/3
    60 | D:1      | Found Ashripp's Weapon Shoppe.
   115 | D:1      | Reached XP level 2. HP: 10/15 MP: 0/5
   231 | D:1      | Reached skill level 4 in Earth Magic
   713 | D:1      | Found Baxzixzy's Distillery.
   723 | D:1      | Reached XP level 3. HP: 19/19 MP: 3/6
  1287 | D:2      | Noticed Natasha
  1292 | D:2      | Killed Natasha
  1293 | D:2      | Reached XP level 4. HP: 14/24 MP: 3/8
  1391 | D:2      | Found Sozous's Assorted Antiques.
  1755 | D:2      | Identified the +2 kite shield of Untold Secrets {Str+4
                  | Int+5 Slay-3 SInv}
  1773 | D:2      | Noticed Robin
  1867 | D:2      | Noticed Natasha
  1875 | D:2      | Killed Natasha
  1876 | D:2      | Reached XP level 5. HP: 21/28 MP: 6/9
  1884 | D:2      | Noticed Natasha
  1890 | D:2      | Killed Natasha
  1891 | D:2      | Reached skill level 5 in Earth Magic
  1897 | D:2      | Slain by Robin

Illustrated notes

Levels and vault maps discovered:
D:1:      dpeg_arrival_solitude, layout_loops_corners, serial_shops, shop, shop
D:2:      layout_loops_cross, serial_shops, shop, uniq_natasha, uniq_robin

Skill      XL: |  1  2  3  4  5 |
---------------+----------------+-----
Earth Magic    | 4 5 |  5.0
Conjurations   | 2 3 |  3.2
Spellcasting   | 3 |  3.2
Dodging        | |  1.5
Stealth        | |  2.1

Action                     |  1- 3 |  4- 6 || total
---------------------------+-------+-------++-------
  Melee: Unarmed           |     2 |       ||     2
         Dagger            |       |     1 ||     1
   Cast: Sandblast         |    44 |    28 ||    72
 Armour: Robe              |    24 |    17 ||    41
  Dodge: Dodged            |    23 |    13 ||    36

Table legend: (Time is in decaauts)
 A = Elapsed time spent in this place.
 B = Non-inter-level travel time spent in this place.
 C = Inter-level travel time spent in this place.
 D = Time resting spent in this place.
 E = Time spent auto-exploring this place.
 F = Levels seen in this place.
 G = Mean time per level.
                   A        B        C        D        E       F      G
               +--------+--------+--------+--------+--------+-----+--------+
         Total |   1932 |   1857 |     75 |    123 |   1426 |   2 |  966.0 |
       Dungeon |   1932 |   1857 |     75 |    123 |   1426 |   2 |  966.0 |
               +--------+--------+--------+--------+--------+-----+--------+

Top non-repeatable levels by time:
     D:1: 1081 daAuts
     D:2: 850 daAuts
